 Dungeon Crawl Stone Soup version 0.30-a0-424-g7412bad402 (webtiles) character file.

Game seed: 2535348518390307651

227 arthad the Magician (level 6, -4/40 HPs)
             Began as a Djinni Fire Elementalist on Dec 10, 2022.
             Slain by a gnoll sergeant
             ... wielding a +0 spear
              (11 damage)
             ... on level 3 of the Dungeon.
             The game lasted 00:08:28 (2286 turns).

arthad the Magician (Djinni Fire Elementalist)      Turns: 2286, Time: 00:08:30

Health: -4/40      AC:  3    Str:  7    XL:     6   Next: 22%
Gold:   241        EV: 13    Int: 18    God:
                   SH:  0    Dex: 14

rFire   + + .      SeeInvis .    k - +4 flail
rCold   x . .      Faith    .    (no shield)
rNeg    . . .      Spirit   .    a - +1 robe
rPois   ∞          Reflect  .    (no helmet)
rElec   .          Harm     .    (no cloak)
rCorr   .          Rampage  .    (no gloves)
Will    .....                    (boots unavailable)
Stlth   ++........               (no amulet)
HPRegen 0.26/turn                (no ring)
MPRegen 0.00/turn                (no ring)

@: brilliant, flying
A: sickness immunity, fire resistance 2, cold vulnerability 1, float, innate
caster, HP casting, extra vitality 1
a: no special abilities


You were on level 3 of the Dungeon.
You visited 1 branch of the dungeon, and saw 3 of its levels.

You collected 241 gold pieces.

Inventory:

Hand Weapons
 k - a +4 flail (weapon)
Missiles
 b - 21 poisoned darts
Armour
 a - a +1 robe (worn)
Scrolls
 d - a scroll of immolation
Potions
 c - a potion of flight
 g - 2 potions of magic
 m - a potion of curing {unknown}
 n - a potion of berserk rage {unknown}
 o - 2 potions of heal wounds {unknown}


   Skills:
 + Level 3.7 Dodging
 + Level 3.0 Stealth
 * Level 3.9 Spellcasting


You couldn't memorise any spells.
You knew the following spells:

 Your Spells              Type           Power      Damage    Failure   Level
a - Foxfire               Conj/Fire      100%       2x1d9     3%          1
b - Scorch                Fire           52%        2d8       4%          2
c - Kindle Blastsparks    Fire/Tloc/Air  52%        2d14      9%          3
d - Inner Flame           Hex/Fire       26%        N/A       9%          3
e - Flame Wave            Conj/Fire      26%        2d8       28%         4
f - Shock                 Conj/Air       100%       1d9       3%          1
g - Poisonous Vapours     Pois/Air       52%        N/A       4%          2
Your spell library was empty.

Dungeon Overview and Level Annotations

Branches:
Dungeon (3/15)

Altars:


Innate Abilities, Weirdness & Mutations

You are immune to sickness and miasma.
You are immune to poison.
Your flesh is very heat resistant. (rF++)
You are vulnerable to cold. (rC-)
You float through the air rather than walking.
You learn spells naturally, not from books.
Your magical power is your life essence.
You have superior vitality. (+4 MHP)


Message History

The orc is almost dead.
The foxfire hits the orc.
You kill the orc!
The foxfire hits the gnoll sergeant.
The gnoll sergeant is heavily wounded.
The gnoll sergeant hits you from afar with a +0 spear.
* * * LOW HITPOINT WARNING * * *
Your Stealth skill increases to level 3!
Unknown command.
Okay, then.
It was a potion of brilliance.
You feel clever all of a sudden.
The gnoll sergeant hits you from afar with a +0 spear.
* * * LOW HITPOINT WARNING * * *
Sorry, you're not good enough to have a special ability.
Casting: Foxfire (safe; 3% risk of failure)
Confirm with . or Enter, or press ? or * to list all spells.
Okay, then.
The gnoll bouda calls upon its god to heal the gnoll sergeant.
The gnoll sergeant is healed somewhat.
The gnoll sergeant completely misses you.
The gnoll bouda calls upon its god to heal the gnoll sergeant.
The gnoll sergeant's wounds heal themselves!
There is a huge open gate here.
The gnoll sergeant is no longer moving quickly.
The gnoll is no longer moving quickly.
The gnoll bouda barks out a call to the hunt!
The gnolls pick up the pace!
The gnoll bouda gazes fiercely through you!
You feel your attacks grow feeble.
Your attacks no longer feel as feeble.
The gnoll sergeant hits you but does no damage.
The gnoll sergeant is no longer moving quickly.
Casting: Foxfire (safe; 3% risk of failure)
Confirm with . or Enter, or press ? or * to list all spells.
You feel a surge of power!
A cloud of volatile blastsparks flares up around you!
* * * LOW HITPOINT WARNING * * *
The gnoll sergeant hits you from afar with a +0 spear!
You die...

******* #.# ###.#
,,,,,,########.##### #...#
*****,.............#########.###
*******#...))............#
#.#.###.#########.# #.#.###.#
#.# #.#...#.# #.# #.###.#.# #.#
#.# #@#.# #.# #.# #.#.# #.#
#.###g#.## #.#
#..##.gg.########.#
##<##......og.....#
#.##.....####....# #(##.###.#
#.#### #.##.# #.# #g# #.##.# #.#
#g#


You could see a gnoll sergeant and a gnoll.

Vanquished Creatures
  A howler monkey (D:3)
  2 orc priests (D:3)
  3 gnolls (D:3)
  2 adders
  An ufetubus (D:3)
  A worm (D:2)
  2 dart slugs (D:1)
  7 orcs (D:3)
  4 bats
  7 endoplasms
  A giant cockroach (D:2)
  5 goblins
  A hobgoblin (D:1)
  16 jackals (D:3)
  A quokka (D:1)
  2 ball pythons
  2 frilled lizards (D:2)
  2 kobolds (D:1)
  3 rats
63 creatures vanquished.

Vanquished Creatures (others)
  178 foxfires
  3 plants (D:3)
181 creatures vanquished.

Grand Total: 244 creatures vanquished

Notes
Turn   | Place    | Note
-------+----------+-------------------------------------------
     0 | D:1      | arthad the Djinni Fire Elementalist began the quest for the
                  | Orb.
     0 | D:1      | arthad set off with the following spells memorised:
                  | Foxfire, Scorch, Kindle Blastsparks, Inner Flame, Flame
                  | Wave.
     0 | D:1      | Reached XP level 1. HP: 15/15 MP: 0/0
   234 | D:1      | Reached XP level 2. HP: 18/21 MP: 0/0
   810 | D:1      | Reached XP level 3. HP: 8/25 MP: 0/0
   810 | D:1      | Learned a level 1 spell: Shock
  1323 | D:2      | You are sucked into a shaft and drop 1 floor!
  1369 | D:3      | Reached XP level 4. HP: 19/31 MP: 0/0
  1376 | D:3      | Reached XP level 5. HP: 1/35 MP: 0/0
  1376 | D:3      | Learned a level 2 spell: Poisonous Vapours
  2113 | D:3      | Reached XP level 6. HP: 35/40 MP: 0/0
  2257 | D:3      | HP: 1/40 [gnoll sergeant/+0 spear (6)]
  2286 | D:3      | Slain by a gnoll sergeant

Illustrated notes

Levels and vault maps discovered:
D:1:      dpeg_cavernosity, layout_basic
D:2:      layout_basic, minmay_statues_item
D:3:      lemuel_castle_with_subvaults [lemuel_castle_interior_carwin_2],
          layout_loops_ring, hellmonk_ecumenical_altar_blasted

Skill      XL: |  1  2  3  4  5  6 |
---------------+-------------------+-----
Stealth        | 2 3 |  3.0
Spellcasting   | 3 |  3.9
Dodging        | 3 |  3.7

Action                   |  1- 3 |  4- 6 || total
-------------------------+-------+-------++-------
Melee: Unarmed           |     3 |       ||     3
       Punch             |     1 |       ||     1
       Flail             |       |    13 ||    13
 Cast: Foxfire           |    47 |    53 ||   100
       Scorch            |     7 |     5 ||    12
       Shock             |     1 |     1 ||     2
       Inner Flame       |     1 |       ||     1
       Kindle Blastspark |       |     1 ||     1
  Use: Scroll            |       |     7 ||     7
       Potion            |       |     1 ||     1
 Stab: Sleeping          |       |     1 ||     1
Armor: Robe              |     1 |     1 ||     2
Dodge: Dodged            |     6 |     3 ||     9

Table legend: (Time is in decaauts)
 A = Elapsed time spent in this place.
 B = Non-inter-level travel time spent in this place.
 C = Inter-level travel time spent in this place.
 D = Time resting spent in this place.
 E = Time spent auto-exploring this place.
 F = Levels seen in this place.
 G = Mean time per level.
                   A        B        C        D        E       F      G
               +--------+--------+--------+--------+--------+-----+--------+
         Total |   2289 |   2261 |     28 |    227 |   1624 |   3 |  763.0 |
       Dungeon |   2289 |   2261 |     28 |    227 |   1624 |   3 |  763.0 |
               +--------+--------+--------+--------+--------+-----+--------+

Top non-repeatable levels by time:
     D:1: 1056 daAuts
     D:2: 654 daAuts
     D:3: 579 daAuts
